 Dungeon Crawl Stone Soup version 0.27.1-33-g824d729ab1 (webtiles) character file.

Game seed: 3919166604980549045

4037 Atelerd the Geomancer (level 10, -2/60 HPs)
             Began as an Octopode Earth Elementalist on Dec 18, 2021.
             Was an Initiate of Sif Muna.
             Shot with an arrow by a centaur (11 damage)
             ... on level 8 of the Dungeon on Dec 20, 2021.
             The game lasted 00:28:53 (12489 turns).

Atelerd the Geomancer (OpEE)                       Turns: 12489, Time: 00:28:54

Health: -2/60      AC:  1    Str:  7    XL:     10   Next: 24%
Magic:  2/22       EV: 29    Int: 22    God:    Sif Muna [......]
Gold:   532        SH:  0    Dex: 12    Spells: 17/25 levels left

rFire    . . .     SeeInvis .   C - +4 short sword (flame)
rCold    . . .     Faith    .   (no shield)
rNeg     . . .     Spirit   .   (helmet restricted)
rPois    .         Reflect  .   w - amulet of the acrobat
rElec    .         Harm     .   (no ring)
rCorr    .         Rampage  .   (no ring)
Will     .....                  (no ring)
Stlth    ++++......             (no ring)
HPRegen  0.20/turn              (no ring)
MPRegen  0.18/turn              (no ring)
                                (no ring)
                                (no ring)

@: mighty, marked, acrobatic, attractive, hasted, very quick
A: almost no armour, amphibious, 8 rings, camouflage 1, gelatinous body 1,
(nimble swimmer 1), tentacles
a: Renounce Religion


You were on level 8 of the Dungeon.
You worshipped Sif Muna.
Sif Muna was noncommittal.
You visited 2 branches of the dungeon, and saw 9 of its levels.
You also visited: Ossuary.

You collected 622 gold pieces.
You spent 90 gold pieces at shops.

Inventory:

Hand Weapons
 a - the +4 hand axe of Ru's Brutal Revenge {drain, Int+4}
   (You found it on level 6 of the Dungeon)

   A truly terrible weapon, it drains the life of any living foe it strikes.
   Int:       It affects your intelligence (+4).
 g - a +0 short sword
 n - a +1 dagger of electrocution
 C - a +4 short sword of flaming (weapon)
Missiles
 b - 64 stones
 B - a throwing net
Jewellery
 w - an amulet of the acrobat (around mantle)
Wands
 p - a wand of paralysis (15)
 s - a wand of charming (8)
 x - a wand of flame (12)
 y - a wand of digging (6)
 F - a wand of polymorph (10)
 H - a wand of iceblast (6)
Scrolls
 c - a scroll of identify
 d - 2 scrolls of fear {unknown}
 j - a scroll of noise
 k - a scroll of enchant weapon
 l - 2 scrolls of amnesia {unknown}
 q - 3 scrolls of magic mapping
 t - 2 scrolls of enchant armour
 A - a scroll of vulnerability
Potions
 e - a potion of curing
 f - a potion of attraction
 h - 3 potions of brilliance
 i - 2 potions of might
 m - 2 potions of haste
 o - a potion of resistance {unknown}
 r - a potion of magic {unknown}
 u - a potion of invisibility {unknown}
 v - 2 potions of flight {unknown}
 D - a potion of heal wounds {unknown}
 E - a potion of mutation {unknown}
 G - a potion of cancellation {unknown}
 I - a potion of lignification {unknown}


   Skills:
 - Level 2.0 Fighting
 - Level 2.0 Short Blades
 - Level 4.0 Dodging
 - Level 7.0 Stealth
 + Level 8.2 Spellcasting
 - Level 1.0 Conjurations
 - Level 2.0 Transmutations
 - Level 1.5 Air Magic
 + Level 9.3 Earth Magic
 - Level 3.0 Poison Magic


You had 17 spell levels left.
You knew the following spells:

 Your Spells              Type           Power      Damage    Failure   Level
a - Sandblast             Erth           100%       2d20      1%          1
b - Mephitic Cloud        Conj/Pois/Air  17%        N/A       11%         3
p - Petrify               Tmut/Erth      33%        N/A       7%          4

Your spell library contained the following spells:

 Spells                   Type           Power      Damage    Failure   Level
 Passwall                 Tmut/Erth      27%        N/A       1%          2
 Sting                    Tmut/Pois      80%        1d7       2%          1
 Stone Arrow              Conj/Erth      62%        3d10      2%          3
 Magic Dart               Conj           52%        1d5       4%          1
 Poisonous Vapours        Pois/Air       36%        N/A       4%          2
 Foxfire                  Conj/Fire      44%        2x1d6     6%          1
 Call Imp                 Summ           9%         N/A       11%         2
 Slow                     Hex            9%         N/A       11%         2
 Conjure Flame            Conj/Fire      11%        6-21      19%         3
 Confusing Touch          Hex            9%         N/A       22%         3
 Inner Flame              Hex/Fire       9%         N/A       22%         3
 Vampiric Draining        Necr           4%         2d6       22%         3
 Olgreb's Toxic Radiance  Pois           22%        N/A       22%         4


Dungeon Overview and Level Annotations

Branches:
Dungeon (8/15)             Temple (1/1) D:7            Lair (0/6) D:8
Ossuary (visited)

Altars:
Ashenzari
Cheibriados
Dithmenos
Elyvilon
Fedhas
Gozag
Kikubaaqudgha
Makhleb
Qazlal
Sif Muna
Trog
Vehumet
Xom
Zin
The Shining One

Shops:
D:3 [   D:6 !?:([   D:7 [

Annotations:
D:5 exclusion: downstairs
D:6 exclusion: downstairs


Innate Abilities, Weirdness & Mutations

You cannot wear most types of armour.
You are amphibious.
You can wear up to eight rings at the same time.
Your skin changes colour to match your surroundings (Stealth+).
Your rubbery body absorbs attacks. (AC +1, EV +1)
((You are camouflaged near water. (Stealth+)))
You have tentacles for arms and can constrict up to eight enemies at once.


Message History

The yak snorts and paws the ground.
The wyvern bites the bush!
The wyvern bites the plant!!
The wyvern bites you.
Unknown command.
You barely miss the wyvern. Your squeeze misses the wyvern.
The wyvern is heavily wounded.
A water moccasin comes into view.
The water moccasin bites the bush but does no damage.
The wyvern bites the bush!
The wyvern bites the plant!
The wyvern bites you!
Unknown command.
You puncture the wyvern! You burn the wyvern.
The wyvern is almost dead.
A nearby plant withers and dies.
The wyvern bites the bush.
The wyvern bites you!
* * * LOW HITPOINT WARNING * * *
Unknown command.
You feel better.
The wyvern bites the bush!
The wyvern bites you!
* * * LOW HITPOINT WARNING * * *
You feel better.
The wyvern bites the bush but does no damage.
The wyvern bites you.
* * * LOW HITPOINT WARNING * * *
Okay, then.
A jelly comes into view.
The wyvern bites something.
The centaur is pulled toward you! The yak is pulled toward you!
The wyvern is pulled toward you!
The water moccasin is pulled toward you!
The wyvern is pulled toward you!
The kobold brigand is pulled toward you!
The yak is pulled toward you! x2; The wyvern is pulled toward you!
The water moccasin is pulled toward you!
The killer bee is pulled toward you!
You see here a scroll labelled REOFILAP KOMAN.
The wyvern bites something but does no damage.
The yak is pulled toward you! The centaur is pulled toward you!
The kobold brigand is pulled toward you!
The yak is pulled toward you! x2; The killer bee is pulled toward you!
The kobold brigand is pulled toward you!
The wyvern is pulled toward you!
The centaur shoots an arrow.
The arrow hits you!
You die...

####### #......
#..... .....
#...# .. ...
#...# ... ...
#...# .... #..
#..@##....
+####..
#..l.......
.......
#c?K.......
.......
#..Y.......
......
#.YY##.....
..... ### ###l##
..... #..
....♣.y.K###+###
#..
......lSlP.....
. #..
.......Z.♣.....
....##..


You could see 3 yaks, a water moccasin, 3 wyverns, a kobold brigand, a centaur
and a killer bee.

Vanquished Creatures
  A cyclops (D:6)
  Sigmund (D:3)
  A steam dragon (D:7)
  Duvessa (D:5)
  4 water moccasins
  A sky beast (D:5)
  An orc warrior (D:7)
  An ice beast (D:8)
  3 necrophages
  An ogre (D:7)
  3 centaurs (D:7)
  A phantom (D:7)
  A kobold brigand (D:7)
  2 elf zombies (Ossuary)
  A bullfrog (D:6)
  A gnoll sergeant (D:6)
  2 wyvern zombies (D:7)
  2 scorpions (D:5)
  2 wyvern skeletons (D:7)
  Dowan (D:5)
  3 killer bees (D:5)
  7 wights
  A howler monkey (D:8)
  A centaur zombie (D:6)
  A gnoll shaman (D:5)
  A centaur skeleton (D:6)
  4 hounds
  A human zombie (Ossuary)
  A jelly (D:4)
  A bullfrog skeleton (D:5)
  A scorpion zombie (D:5)
  2 iguanas
  2 orc wizards
  A killer bee zombie (D:7)
  A hound skeleton (D:5)
  2 mummies (Ossuary)
  Robin (D:3)
  6 gnolls
  4 howler monkey skeletons
  7 adders
  A shadow imp (D:5)
  A white imp (D:5)
  An ufetubus (D:6)
  A worm zombie (D:7)
  2 worms (D:3)
  2 dart slugs
  20 orcs
  8 ball pythons
  7 bats
  8 endoplasms
  2 giant cockroaches
  3 gnoll zombies (Ossuary)
  13 goblins
  10 hobgoblins
  4 jackals (D:2)
  15 kobolds
  4 quokkas
  4 frilled lizards
  6 goblin zombies (Ossuary)
  3 orc zombies
  3 rats
197 creatures vanquished.

Vanquished Creatures (others)
  A bush (D:8)
  3 fungi (D:8)
  17 plants (D:8)
21 creatures vanquished.

Grand Total: 218 creatures vanquished

Notes
Turn   | Place    | Note
-------+----------+-------------------------------------------
     0 | D:1      | Atelerd the Octopode Earth Elementalist began the quest for
                  | the Orb.
     0 | D:1      | Reached XP level 1. HP: 11/11 MP: 3/3
   312 | D:1      | Reached XP level 2. HP: 17/17 MP: 0/5
  1513 | D:2      | Reached XP level 3. HP: 21/21 MP: 6/6
  1975 | D:2      | Reached XP level 4. HP: 23/27 MP: 7/7
  1982 | D:2      | Learned a level 4 spell: Petrify
  1986 | D:2      | Learned a level 3 spell: Mephitic Cloud
  2574 | D:3      | Reached skill level 4 in Earth Magic
  2600 | D:3      | Noticed Robin
  2899 | D:3      | Found Heonyima's Armour Shop.
  2924 | D:3      | Reached skill level 1 in Air Magic
  2924 | D:3      | Reached skill level 1 in Poison Magic
  2924 | D:3      | Reached XP level 5. HP: 22/31 MP: 6/9
  3037 | D:3      | Found a faded altar of an unknown god.
  3153 | D:3      | Reached skill level 1 in Conjurations
  3197 | D:3      | Killed Robin
  3482 | D:3      | Noticed Sigmund
  3491 | D:3      | Killed Sigmund
  3492 | D:3      | Reached skill level 5 in Earth Magic
  3492 | D:3      | Reached XP level 6. HP: 26/36 MP: 6/12
  4719 | D:4      | Noticed a necrophage
  4727 | D:4      | Killed a necrophage
  4728 | D:4      | Reached XP level 7. HP: 27/41 MP: 11/13
  5312 | D:5      | Entered Level 5 of the Dungeon
  5470 | D:5      | Reached skill level 6 in Earth Magic
  5640 | D:5      | Reached skill level 5 in Spellcasting
  6047 | D:5      | Reached XP level 8. HP: 38/46 MP: 7/16
  6263 | D:5      | Reached skill level 7 in Earth Magic
  6663 | D:5      | Noticed Dowan
  6664 | D:5      | Noticed Duvessa
  6675 | D:5      | Killed Dowan
  6699 | D:5      | Killed Duvessa
  7546 | D:6      | Noticed a cyclops
  7708 | D:6      | Reached skill level 8 in Earth Magic
  7897 | D:6      | Found Yzecooc's Armour Shoppe.
  8303 | D:5      | Reached XP level 9. HP: 34/51 MP: 2/19
  8539 | D:6      | Found Ciuxzef's Book Emporium.
  8565 | D:6      | Found Xoim's Magic Scroll Shoppe.
  8575 | D:6      | Bought a scroll of identify for 24 gold pieces
  8575 | D:6      | Bought a scroll of identify for 24 gold pieces
  8623 | D:6      | Found Kehevvyu's Distillery.
  8986 | D:6      | Found Qumecufa's Weapon Shop.
  9081 | D:6      | Killed a cyclops
  9082 | D:6      | Reached skill level 1 in Fighting
  9082 | D:6      | Reached skill level 1 in Short Blades
  9142 | D:6      | Identified the +4 hand axe of Ru's Brutal Revenge {drain,
                  | Int+4}
  9579 | D:7      | Found a staircase to the Ecumenical Temple.
  9667 | D:7      | Reached skill level 5 in Stealth
  9861 | D:6      | Bought a scroll of magic mapping for 42 gold pieces
  9919 | D:7      | Found a sand-covered staircase.
  9926 | Ossuary  | Entered an ossuary
 10929 | D:7      | Found a shadowy altar of Dithmenos.
 10947 | D:7      | Reached XP level 10. HP: 26/60 MP: 9/21
 11155 | D:7      | Found Geimuag's Antique Armour Shop.
 11356 | D:7      | Reached skill level 9 in Earth Magic
 11557 | Temple   | Entered the Ecumenical Temple
 12018 | Temple   | Became a worshipper of Sif Muna the Loreminder
 12467 | D:8      | Found a staircase to the Lair.
 12489 | D:8      | Shot with an arrow by a centaur

Illustrated notes

Levels and vault maps discovered:
D:1:      scummos_arrival_gate, layout_basic, serial_park_tiny_pond,
          minmay_split_cup_small
D:2:      layout_rooms
D:3:      layout_basic, hellmonk_ecumenical_altar_pennies_from_heaven,
          serial_shops, nicolae_shop_trees, minmay_pentomino_pile, uniq_robin,
          uniq_sigmund
D:4:      layout_basic, kennysheep_small_spiral
D:5:      layout_loops_corners, minmay_fractal_squares_gapless_5, uniq_duvessa
D:6:      kb_forest_paths, layout_basic, serial_shops, shop,
          nicolae_take_the_stairs, kennysheep_mini_moat, shop,
          nicolae_shop_behind_doors, st_stairs_4
D:7:      cheibrodos_steamvent, layout_loops_corners,
          nicolae_dithmenos_shadow_blocks, minmay_temple_entry_tees,
          enter_ossuary_3, serial_shops, shop
D:8:      layout_gridville, minmay_lair_entry_grove, st_stairs_8,
          minmay_starry_boxes
Temple:   minmay_temple_curvy_branch

Skill      XL: |  1  2  3  4  5  6  7  8  9 10 |
---------------+-------------------------------+-----
Transmutations | 2 |  2.0
Earth Magic    | 4 5 6 8 9 |  9.3
Air Magic      | 1 |  1.5
Poison Magic   | 1 3 |  3.0
Conjurations   | 1 |  1.0
Spellcasting   | 4 5 7 8 |  8.2
Stealth        | 3 7 |  7.0
Fighting       | 2 |  2.0
Short Blades   | 2 |  2.0
Dodging        | 3 4 |  4.0

Action                   |  1- 3 |  4- 6 |  7- 9 | 10-12 || total
-------------------------+-------+-------+-------+-------++-------
Melee: Unarmed           |    25 |       |       |       ||    25
       Constrict         |    13 |    24 |    33 |     3 ||    73
       Tentacles         |     8 |    14 |    23 |     4 ||    49
       Short sword       |    35 |    38 |    74 |    27 ||   174
       Dagger            |       |    40 |    89 |       ||   129
 Cast: Sandblast         |    24 |    51 |    87 |    19 ||   181
       Petrify           |       |     1 |    41 |    12 ||    54
       Mephitic Cloud    |       |     1 |     8 |     1 ||    10
  Use: Scroll            |       |       |    10 |     1 ||    11
       Potion            |       |       |       |     6 ||     6
 Stab: Sleeping          |     8 |     2 |     3 |     1 ||    14
       Petrified         |       |     3 |    77 |    11 ||    91
       Petrifying        |       |       |     4 |       ||     4
Armor: Skin              |    11 |    10 |     8 |     1 ||    30
Dodge: Dodged            |    56 |    69 |   129 |    35 ||   289
